 Dungeon Crawl Stone Soup version 0.31-a0-865-g3d5d91748a (webtiles) character file.

Game seed: 14155295746576317858

0 kae the Vexing (level 1, 0/13 HPs)
             Began as a Demonspawn Enchanter on Oct 10, 2023.
             Slain by a giant cockroach (1 damage)
             ... on level 1 of the Dungeon.
             The game lasted 00:00:06 (21 turns).

kae the Vexing (Demonspawn Enchanter)                 Turns: 21, Time: 00:00:07

Health: 0/13       AC:  2    Str:  8    XL:     1   Next: 0%
Magic:  3/3        EV: 12    Int: 16    God:
Gold:   0          SH:  0    Dex: 13    Spells: 4/4 levels left

rFire   . . .        a - +1 dagger
rCold   . . .        (no shield)
rNeg    . . .        b - +0 robe
rPois   .            (no helmet)
rElec   .            (no cloak)
rCorr   .            (no gloves)
SInv    .            (no boots)
Will    .....        (no amulet)
Stlth   ++           (no ring)
HPRegen 0.22/turn    (no ring)
MPRegen 0.08/turn

%: no passive effects
@: no status effects
A: no striking features
a: no special abilities


You were on level 1 of the Dungeon.
You visited 1 branch of the dungeon, and saw 1 of its levels.


   Skills:
 * Level 0.8 Short Blades
 + Level 1.7 Dodging
 + Level 2.6 Stealth
 + Level 2.0 Spellcasting
 * Level 3.0 Hexes


You had 4 spell levels left.
You didn't know any spells.
Your spell library contained the following spells:

 Spells                   Type           Power      Damage    Failure   Level
 Ensorcelled Hibernation  Hex/Ice        12%        N/A       17%         2
 Confusing Touch          Hex            11%        N/A       19%         3
 Tukima's Dance           Hex            11%        N/A       19%         3
 Dazzling Flash           Conj/Hex       12%        N/A       32%         3

Inventory:

Hand Weapons
 a - a +1 dagger (weapon)
Armour
 b - a +0 robe (worn)
Potions
 c - 2 potions of invisibility

Dungeon Overview and Level Annotations

Branches:
Dungeon (1/15) Zot: 5976

Altars:

.. ##..#[ ..
#..... .. #.....
.# #....B .#
...... .#
#...##B# #...†@.#
# ## ####B###
##..
..####...####....
....#..~..#.....#
..~....~....~..8#
...~..~~~..~...##
....~~~~~~~.....#
..~~~~...~~~~....
~~~~~..<..~~~~~..


You could see 2 giant cockroaches.


Message History

Found a staircase leading out of the dungeon.
You enter the shallow water.
Moving in this stuff is going to be slow.
A bat comes into view.
Unknown command.
A bat is nearby!
A bat is nearby!
A giant cockroach comes into view.
There are monsters nearby!
A giant cockroach comes into view.
There are monsters nearby!
The giant cockroach closely misses you.
You barely miss the giant cockroach. The bat barely misses you.
The giant cockroach bites you.
There are monsters nearby! 😕 HP[-2]
You take 2 damage, and now have 11/13 hp.
You hit the giant cockroach but do no damage.
The bat hits you but does no damage. The bat barely misses you.
The giant cockroach barely misses you.
You hit the giant cockroach but do no damage.
The bat misses you. The giant cockroach bites you. 😕 HP[-1]
You take 1 damage, and now have 10/13 hp.
There are monsters nearby!
There are monsters nearby!
You hit the giant cockroach but do no damage.
The bat barely misses you.
The giant cockroach bites you but does no damage.
You hit the giant cockroach. The bat closely misses you.
The giant cockroach bites you. 😮 HP[-1]
You take 1 damage, and now have 9/13 hp.
There are monsters nearby!
You are too injured to fight recklessly!
You are too injured to fight recklessly!
You are too injured to fight recklessly!
You are too injured to fight recklessly!
There are monsters nearby!
You are too injured to fight recklessly!
You are too injured to fight recklessly!
There are monsters nearby!
You are too injured to fight recklessly!
You are too injured to fight recklessly!
There are monsters nearby!
You are too injured to fight recklessly!
You are too injured to fight recklessly!
You are too injured to fight recklessly!
You are too injured to fight recklessly!
A giant cockroach comes into view.
The bat barely misses you.
You hit the bat but do no damage. The bat barely misses you.
The giant cockroach bites you but does no damage.
The bat hits you but does no damage.
The giant cockroach bites you but does no damage.
You closely miss the bat. The bat barely misses you. The bat hits you.
The giant cockroach bites you. The bat hits you.
* * * LOW HITPOINT WARNING * * *
😨 HP[-3]
You take 3 damage, and now have 6/13 hp.
MASSIVE DAMAGE!! (PAUSE)
You barely miss the giant cockroach. The bat completely misses you.
The bat barely misses you. The giant cockroach bites you.
* * * LOW HITPOINT WARNING * * *
😨 HP[-2]
You take 2 damage, and now have 4/13 hp.
You barely miss the giant cockroach. The bat hits you but does no damage.
The giant cockroach bites you.
* * * LOW HITPOINT WARNING * * *
😱 HP[-1]
You take 1 damage, and now have 3/13 hp.
Unknown command.
You closely miss the giant cockroach. The bat closely misses you.
The bat barely misses you. The giant cockroach bites you.
* * * LOW HITPOINT WARNING * * *
😱 HP[-1]
You take 1 damage, and now have 2/13 hp.
You hit the giant cockroach but do no damage.
The bat closely misses you. The bat hits you but does no damage.
The giant cockroach barely misses you.
Unknown command.
You hit the bat. The bat hits you but does no damage. x2
The giant cockroach bites you.
* * * LOW HITPOINT WARNING * * *
😱 HP[-1]
You take 1 damage, and now have 1/13 hp.
Unknown command.
You hit the giant cockroach. The bat closely misses you.
The giant cockroach misses you.
The giant cockroach waves its antennae.
The giant cockroach barely misses you. The bat closely misses you.
The giant cockroach barely misses you. 😱 HP[+1] Unknown command.
You hit the bat.
You kill the bat!
The giant cockroach bites you.
* * * LOW HITPOINT WARNING * * *
The giant cockroach bites you.
You die...

Action                     || total
---------------------------++-------
  Melee: Dagger            ||    14
 Armour: Robe              ||    21
  Dodge: Dodged            ||    21

Levels and vault maps discovered:
D:1:      eino_arrival_water_star, layout_basic

Notes
Turn   | Place    | Note
-------+----------+-------------------------------------------
     0 | D:1      | kae the Demonspawn Enchanter began the quest for the Orb.
     0 | D:1      | Reached XP level 1. HP: 13/13 MP: 3/3
     0 | D:1      | magus.rc [v1.11.3]
    16 | D:1      | HP: 3/13 [giant cockroach (2)]
    19 | D:1      | HP: 1/13 [giant cockroach (1)]
    21 | D:1      | Slain by a giant cockroach

Vanquished Creatures
  A bat (D:1)
1 creature vanquished.

Table legend:
 A = Non-vault XP
 B = Vault XP
 C = Vault XP percentage of total XP
 D = Non-vault monster count
 E = Vault monster count
 F = Vault count percentage of total count
                 A         B        C        D         E       F
            +---------+---------+-------+---------+---------+-------
      Total |       1 |       0 |   0.0 |       1 |       0 |   0.0
            +---------+---------+-------+---------+---------+-------
        D:1 |       1 |       0 |   0.0 |       1 |       0 |   0.0
            +---------+---------+-------+---------+---------+-------

Action                     || total
---------------------------++-------
  Melee: Dagger            ||    14
 Armour: Robe              ||    21
  Dodge: Dodged            ||    21

Illustrated notes

Table legend:
 A = Kills in this place as a percentage of kills in the entire game.
 B = Kills by you in this place as a percentage of kills by you in the entire game.
 C = Kills by friends in this place as a percentage of kills by friends in the entire game.
 D = Other kills in this place as a percentage of other kills in the entire game.
 E = Experience gained in this place as a percentage of experience gained in the entire game.
 F = Experience gained in this place divided by the number of levels of this place that you have seen.
                   A       B       C       D       E      F
               +-------+-------+-------+-------+-------+----------------------
         Total | 100.0 | 100.0 |   N/A |   N/A | 100.0 |   1.0
       Dungeon | 100.0 | 100.0 |   N/A |   N/A | 100.0 |   1.0
               +-------+-------+-------+-------+-------+----------------------

Table legend: (Time is in decaauts)
 A = Elapsed time spent in this place.
 B = Non-inter-level travel time spent in this place.
 C = Inter-level travel time spent in this place.
 D = Time resting spent in this place.
 E = Time spent auto-exploring this place.
 F = Levels seen in this place.
 G = Mean time per level.
                   A        B        C        D        E       F      G
               +--------+--------+--------+--------+--------+-----+--------+
         Total |     22 |     22 |      0 |      0 |      1 |   1 |   22.0 |
       Dungeon |     22 |     22 |      0 |      0 |      1 |   1 |   22.0 |
               +--------+--------+--------+--------+--------+-----+--------+

Top non-repeatable levels by time:
     D:1: 22 daAuts
